Map: Orbital Shipyard

Players

LvBrown - Winner!

  • Race: Zerg Zerg

Bop

  • Race: Terran Terran

VOD

Have the link to the VOD?

Description

Time

  • Played on: May 2, 2015, 9:02 p.m.
  • Length: 12:43
Show
View Real Time Build Order
Export as new Build Order

LvBrown Zerg - Winner!

Build Orders: Hatch First, Lurkers, Muta Ling Bane 

Get SALT Encoding   

  12  0:01  Drone  
  13  0:13  Overlord  
  13  0:17  Drone  
  14  0:24  Drone, Extractor  
  15  0:32  Drone  
  15  0:35  Drone  
  17  0:51  Hatchery  
  17  0:54  Drone  
  17  0:58  Drone  
  18  1:08  Extractor  
  17  1:12  Spawning Pool  
  17  1:14  Drone  
  17  1:18  Drone  
  18  1:29  Drone  
  19  1:40  Overlord  
  19  1:52  Drone  
  20  1:59  Queen  
  22  2:01  Zergling x2  
  22  2:03  Queen  
  22  2:04  Zergling x2  
  26  2:13  Metabolic Boost, Drone  
  27  2:17  Drone  
  27  2:22  Drone  
  29  2:25  Drone  
  30  2:33  Drone  
  30  2:35  Spore Crawler  
  30  2:42  Overlord  
  30  2:45  Drone  
  30  2:47  Queen  
  34  2:58  Lair, Drone  
  34  2:59  Drone, Overlord  
  36  3:06  Drone  
  36  3:07  Drone x2  
  36  3:12  Overlord  
  39  3:20  Zergling x10  
  39  3:25  Zergling x6  
  43  3:32  Zergling x2  
  44  3:37  Zergling x2  
  44  3:40  Queen  
  47  3:41  Extractor  
  47  3:48  Zergling x10  
  49  4:09  Drone x2  
  51  4:10  Drone x3  
  51  4:12  Drone  
  51  4:14  Spire  
  54  4:19  Drone  
  54  4:24  Drone  
  56  4:26  Drone x3  
  56  4:27  Drone  
  60  4:36  Overlord  
  60  4:37  Overlord  
  60  4:38  Extractor x2  
  58  4:46  Drone x2  
  58  4:52  Overlord  
  60  4:58  Spine Crawler  
  59  5:06  Drone x4  
  64  5:07  Drone  
  64  5:20  Drone x2  
  66  5:28  Mutalisk x5  
  76  5:38  Mutalisk  
  76  5:39  Hatchery  
  77  5:44  Zergling x4  
  77  5:45  Zergling x10  
  84  5:51  Evolution Chamber x2  
  84  5:52  Zerg Flyer Weapons Level 1  
  84  5:54  Drone  
  83  6:01  Overlord  
  83  6:02  Overlord  
  83  6:06  Drone  
  84  6:13  Baneling Nest  
  83  6:21  Zerg Ground Armor Level 1, Zerg Melee Weapons Level 1  
  83  6:23  Zergling x8  
  77  6:34  Mutalisk  
  77  6:35  Mutalisk  
  80  6:43  Drone x8  
  88  6:54  Drone x2  
  88  6:55  Drone x2  
  88  6:57  Extractor  
  91  7:06  Centrifical Hooks  
  91  7:11  Drone x3  
  91  7:15  Drone x3  
  96  7:21  Hatchery  
  96  7:26  Overlord  
  96  7:27  Overlord  
  87  7:39  Mutalisk x5  
  94  7:49  Drone x2  
  94  7:50  Drone x3  
  94  7:51  Drone x2, Extractor  
  97  7:58  Overseer  
  97  7:59  Overseer  
  97  8:02  Pneumatized Carapace  
  97  8:06  Hydralisk Den  
  97  8:07  Drone  
  97  8:23  Zerg Ground Armor Level 2  
  97  8:26  Extractor  
  96  8:30  Lurker Den, Extractor  
  91  8:37  Drone x2  
  91  8:38  Drone x2, Queen  
  91  8:40  Zerg Flyer Weapons Level 2  
  97  8:42  Zergling x2  
  97  8:43  Zergling x34  
  115  9:01  Spore Crawler  
  115  9:02  Drone x2  
  116  9:04  Spore Crawler  
  116  9:05  Spine Crawler  
  116  9:06  Drone x2, Spine Crawler  
  113  9:11  Zergling x16  
  113  9:12  Zergling x6  
  113  9:13  Baneling x3  
  113  9:14  Baneling x8  
  124  9:26  Overlord x2  
  124  9:27  Overlord x3  
  124  9:37  Zerg Melee Weapons Level 2  
  124  9:43  Evolution Chamber  
  124  9:44  Overlord x2  
  124  9:45  Hydralisk x3  
  123  9:46  Hydralisk  
  131  10:07  Zergling x10  
  131  10:12  Lurker x4  
  131  10:13  Hydralisk x4  
  131  10:14  Hydralisk x2  
  144  10:19  Zergling x12  
  158  10:34  Mutalisk x6  
  170  10:40  Lurker x3  
  173  10:50  Lurker x2  
  173  10:55  Overseer  
  173  10:56  Lurker  
  176  11:04  Overlord  
  176  11:05  Overlord x2  
  147  11:38  Mutalisk x7  
  147  11:39  Mutalisk  
  154  11:51  Zergling x2  
  154  11:52  Zergling x50  
  180  12:06  Infestation Pit  
  179  12:17  Zergling x2  
  179  12:18  Zergling x18  
Show
View Real Time Build Order
Export as new Build Order

Bop Terran 

Build Orders: MMM Bio 

Get SALT Encoding   

  12  0:01  SCV  
  13  0:13  SCV  
  14  0:20  Supply Depot  
  14  0:25  SCV  
  15  0:37  Refinery  
  15  0:43  Barracks  
  15  0:44  SCV  
  16  0:57  SCV  
  17  1:00  Barracks  
  17  1:09  SCV  
  18  1:19  Supply Depot  
  18  1:21  SCV  
  19  1:32  Reaper  
  20  1:34  Orbital Command  
  20  1:48  Reaper  
  21  1:59  SCV  
  21  2:00  Barracks  
  22  2:07  Barracks  
  22  2:10  Reaper  
  22  2:11  SCV  
  24  2:17  Refinery  
  24  2:20  Reaper  
  25  2:23  SCV  
  26  2:35  Barracks  
  26  2:36  SCV  
  27  2:42  Reaper  
  28  2:48  SCV  
  29  2:54  Reaper  
  29  2:58  Supply Depot  
  30  3:01  Reaper  
  31  3:11  Supply Depot  
  33  3:20  SCV, Reaper  
  33  3:23  Reaper  
  34  3:32  Reaper  
  35  3:36  SCV  
  35  3:40  Barracks  
  36  3:46  Command Center  
  36  3:47  Reaper x2  
  38  3:49  SCV  
  39  4:05  Reaper  
  38  4:11  Reaper  
  38  4:13  Bunker  
  39  4:27  Command Center  
  39  4:33  Barracks Reactor  
  39  4:44  Barracks Tech Lab  
  39  4:45  Barracks Reactor  
  39  4:47  Barracks Tech Lab  
  39  4:49  Barracks Reactor  
  39  4:50  SCV  
  40  4:55  Engineering Bay x2  
  40  4:59  Orbital Command  
  40  5:02  Supply Depot, SCV  
  41  5:10  Stimpack  
  41  5:13  Marine x3  
  44  5:15  SCV  
  44  5:16  Marine  
  46  5:22  Refinery  
  46  5:25  SCV  
  46  5:26  Marine  
  46  5:27  SCV  
  49  5:29  Refinery, Orbital Command  
  49  5:31  Marine  
  49  5:33  Marine x2  
  52  5:42  Orbital Command  
  52  5:47  Marine  
  52  5:48  Marine  
  54  5:55  Terran Infantry Weapons Level 1  
  54  5:56  Terran Infantry Armor Level 1  
  54  6:02  SCV  
  54  6:03  Factory  
  55  6:07  SCV x2  
  55  6:10  Marine  
  58  6:14  Marine x3  
  58  6:15  SCV  
  62  6:20  Marine x3  
  62  6:25  Orbital Command  
  65  6:30  Marine x2  
  65  6:31  Marine  
  65  6:32  Marine x2  
  54  6:38  Missile Turret  
  54  6:39  Missile Turret  
  46  6:40  Marine x3  
  49  6:48  Combat Shields, Marine x2  
  49  6:49  Marine x2  
  49  6:50  Marine  
  49  6:51  Orbital Command  
  54  6:55  Starport  
  54  6:57  Factory Reactor  
  54  7:07  Marine  
  54  7:08  Armory, Marine x3  
  58  7:10  SCV  
  58  7:11  SCV  
  58  7:12  Marine  
  61  7:17  SCV  
  61  7:21  Marine x3  
  65  7:23  SCV  
  64  7:33  Marine  
  64  7:34  Marine x2  
  50  7:37  SCV x2  
  50  7:38  SCV  
  50  7:42  Marine x5  
  50  7:43  Widow Mine x2  
  59  7:45  Medivac  
  58  7:51  Marine  
  58  7:52  Marine x2  
  61  7:59  Marine  
  61  8:00  Marine  
  61  8:01  Marine  
  64  8:08  Marine x2  
  64  8:09  Marine x2  
  64  8:11  Bunker, Widow Mine x2  
  72  8:14  Terran Infantry Weapons Level 2  
  72  8:16  SCV x2  
  74  8:22  Terran Infantry Armor Level 2  
  74  8:24  SCV  
  75  8:28  Marine x3  
  75  8:34  Marine x4  
  77  8:37  Starport Reactor  
  81  8:43  Marine  
  81  8:44  Widow Mine  
  81  8:46  Marine  
  85  8:54  Supply Depot  
  85  8:55  Supply Depot  
  85  8:59  Marine x6  
  85  9:01  Marine  
  92  9:04  Marine  
  93  9:14  Widow Mine x2  
  93  9:16  Marine x3  
  100  9:17  Marine  
  100  9:22  Supply Depot  
  100  9:23  Supply Depot  
  101  9:26  Marine x3  
  104  9:34  Marine x4  
  104  9:37  Medivac  
  110  9:40  Medivac  
  110  9:42  Widow Mine  
  114  9:47  Marine x3  
  117  9:53  Marine  
  117  9:54  Marine x4  
  122  10:05  Marine x2  
  122  10:06  Widow Mine, Marine  
  127  10:07  Medivac  
  127  10:11  Marine x2  
  131  10:19  Marine  
  131  10:20  Marine  
  133  10:32  Marine x3  
  133  10:50  Supply Depot  
  133  10:51  Supply Depot  
  133  10:52  Supply Depot  
  133  11:11  SCV x3, Marine x5  
  133  11:12  Widow Mine x2  
  133  11:13  Marine x3, Medivac x2  
  150  11:23  SCV  
  151  11:29  Marine x3  
  151  11:31  Marine x2  
  151  11:32  Marine x3  
  85  11:41  Widow Mine x2  
  85  11:43  Medivac x2  
  85  11:46  Barracks  
  82  11:47  Barracks, Marine x3  
  82  11:49  Marine x2  
  82  11:50  Marine x3  
  82  11:52  Refinery  
  82  11:53  SCV x3  
  91  11:58  Refinery  
  91  11:59  Missile Turret  
  87  12:05  SCV, Marine x2  
  90  12:09  Widow Mine  
  90  12:13  Marine, Medivac x2  
  90  12:14  Marine x4  
  99  12:25  Marine x3  
Tags
 
Add a new tag
Caveats
  • Supply blocks, unpowered buildings, or Contaminate may cause inaccurate times.
  • Supply counts are checked every 10 seconds.